 Dungeon Crawl Stone Soup version 0.32-a0-768-g0f6f1dd4b9 (webtiles) character file.

Game seed: 18147560747428305302

34 PriceMaster the Grave Robber (level 3, -5/24 HPs)
             Began as a Demonspawn Necromancer on Mar 18, 2024.
             Killed from afar by Natasha (11 damage)
             ... with a magic dart
             ... on level 2 of the Dungeon.
             The game lasted 00:02:35 (1164 turns).

PriceMaster the Grave Robber (DsNe)                 Turns: 1164, Time: 00:02:36

Health: -5/24      AC:  2    Str:  8    XL:     3   Next: 14%
Magic:  10/15      EV: 11    Int: 15    God:
Gold:   1          SH:  0    Dex: 15    Spells: 5/6 levels left

rFire   . . .        c - +2 flail (pain)
rCold   . . .        (no shield)
rNeg    . . .        a - +0 robe
rPois   .            (no helmet)
rElec   .            (no cloak)
rCorr   .            (no gloves)
SInv    .            (no boots)
Will    .....        (no amulet)
Stlth   ++           j - ring of magical power
HPRegen 0.24/turn    (no ring)
MPRegen 0.14/turn

%: no passive effects
@: mighty, slowed, very slow
A: powered by pain 1
a: no special abilities


You were on level 2 of the Dungeon.
You visited 1 branch of the dungeon, and saw 2 of its levels.

You collected 61 gold pieces.
You spent 60 gold pieces at shops.

Inventory:

Hand Weapons
 c - a +2 flail of pain (weapon)
Armour
 a - a +0 robe (worn)
Jewellery
 j - a ring of magical power (left hand)
Scrolls
 e - a scroll of immolation {unknown}
 f - a scroll of teleportation {unknown}
 g - a scroll of amnesia {unknown}
 h - a scroll of fog {unknown}
 i - a scroll of identify {unknown}
Potions
 b - a potion of magic
 d - a potion of brilliance {unknown}


   Skills:
 + Level 0.3 Maces & Flails
 + Level 1.8 Dodging
 + Level 1.8 Stealth
 + Level 2.3 Spellcasting
 * Level 5.1 Necromancy


You had 5 spell levels left.
You knew the following spells:

 Your Spells              Type           Power      Damage    Failure   Level
a - Necrotise             Necr           68%        1d7       2%          1

Your spell library contained the following spells:

 Spells                   Type           Power      Damage    Failure   Level
 Vampiric Draining        Necr           17%        2d7       8%          3
 Sting                    Conj/Alch      4%         1d3       22%         1
 Animate Dead             Necr           17%        N/A       26%         4
 Mercury Vapours          Alch/Air       2%         N/A       32%         2
 Curse of Agony           Necr           17%        N/A       56%         5
 Olgreb's Toxic Radiance  Alch           1%         N/A       91%         4


Dungeon Overview and Level Annotations

Branches:
Dungeon (2/15)

Altars:

Shops:
D:1 !

Annotations:
D:2 Natasha


Innate Abilities, Weirdness & Mutations

You sometimes gain a little power by taking damage.


Message History

Natasha shimmers violently.
Natasha claws you.
* * * LOW HITPOINT WARNING * * *
Okay, then.
Casting: Necrotise (safe; 2% risk of failure)
Confirm with . or Enter, or press ? or * to list all spells.
Aiming: Necrotise (safe; 2% risk of failure)
Press: ? - help, Shift-Dir - straight line, f/p - kobold
Aim: a kobold, wielding a +0 club and quivering stones (chance to affect: 87%)
The kobold barely resists.
The kobold hits you but does no damage. Natasha claws you.
* * * LOW HITPOINT WARNING * * *
The kobold hits you with a +0 club.
* * * LOW HITPOINT WARNING * * *
Casting: Necrotise (safe; 2% risk of failure)
Confirm with . or Enter, or press ? or * to list all spells.
Aiming: Necrotise (safe; 2% risk of failure)
Press: ? - help, Shift-Dir - straight line, f/p - kobold
Aim: a kobold, wielding a +0 club and quivering stones (chance to affect: 87%)
The kobold writhes in agony.
You kill the kobold!
The dead are walking!
Natasha closely misses you. Natasha claws you but does no damage.
What are your orders? t - Shout!
Orders for allies: a - Attack new target. r - Retreat! s - Stop attacking. g - Guard the area. f - Follow me.
Anything else - Cancel.
Gang up on whom?
Press: ? - help, Dir - move target, f - Natasha
Aim: Natasha (moderately wounded, ally target) Attack!
Natasha stares at you and mumbles some strange words.
You feel as though you will be slow longer.
Natasha attacks as she pursues you! Natasha barely misses you.
Natasha casts a spell at you. The magic dart hits you!
You die...
Natasha begins licking her fur clean.

....).........# #.
...............# #.
...............# #.
...............# #.
...............# #.
.....ß.._..∩..∩# ######.
#.......?.....###..)...
#....Z)................
....♣.@h..ß..∩##.......
#...).....$....##...(...
#...............#.#####.
#.ß..∩..∩..∩..♣...# #.
#..............##.# #.
#..............##.# .
#.∩..♣..∩..♣..♣##.#
#..............


You could see Natasha (ally target) and a friendly kobold skeleton.

Vanquished Creatures
  An adder (D:2)
  A dart slug (D:1)
  A ribbon worm (D:2)
  2 ball pythons
  A bat (D:1)
  2 endoplasms (D:1)
  A giant cockroach (D:2)
  2 goblins (D:2)
  A hobgoblin (D:2)
  A quokka (D:1)
  3 kobolds
  2 rats (D:1)
18 creatures vanquished.

Vanquished Creatures (collateral kills)
  A giant cockroach (D:1)
  A rat (D:2)
2 creatures vanquished.

Grand Total: 20 creatures vanquished

Notes
Turn   | Place    | Note
-------+----------+-------------------------------------------
     0 | D:1      | PriceMaster the Demonspawn Necromancer began the quest for
                  | the Orb.
     0 | D:1      | Reached XP level 1. HP: 13/13 MP: 3/3
   445 | D:1      | Gained mutation: You sometimes gain a little power by
                  | taking damage. [demonic ancestry]
   445 | D:1      | Reached XP level 2. HP: 11/19 MP: 5/5
   803 | D:1      | Found Poulet's Distillery.
   807 | D:1      | Bought a potion of heal wounds for 60 gold pieces
   902 | D:2      | Reached skill level 5 in Necromancy
  1102 | D:2      | Reached XP level 3. HP: 19/24 MP: 6/6
  1148 | D:2      | Found a faded altar of an unknown god.
  1149 | D:2      | Noticed Natasha
  1164 | D:2      | Killed from afar by Natasha

Illustrated notes

Levels and vault maps discovered:
D:1:      saegor_arrival_simple_e, layout_loops_ring, serial_shops, shop,
          minmay_tetromino_t4
D:2:      layout_basic, hellmonk_ecumenical_altar_arch_garden,
          minmay_misc_feat_more_columns, nicolae_twisty_statue_hallways,
          uniq_natasha

Skill      XL: |  1  2 |
---------------+-------+-----
Necromancy     | 5 |  5.1
Maces & Flails | |  0.3
Dodging        | |  1.8
Stealth        | |  1.8
Spellcasting   | |  2.3

Action                     || total
---------------------------++-------
  Melee: Flail             ||    22
   Cast: Necrotise         ||    31
    Use: Potion            ||     1
   Stab: Sleeping          ||     2
 Armour: Robe              ||    41
  Dodge: Dodged            ||    39

Table legend: (Time is in decaauts)
 A = Elapsed time spent in this place.
 B = Non-inter-level travel time spent in this place.
 C = Inter-level travel time spent in this place.
 D = Time resting spent in this place.
 E = Time spent auto-exploring this place.
 F = Levels seen in this place.
 G = Mean time per level.
                   A        B        C        D        E       F      G
               +--------+--------+--------+--------+--------+-----+--------+
         Total |   1174 |   1159 |     15 |    193 |    813 |   2 |  587.0 |
       Dungeon |   1174 |   1159 |     15 |    193 |    813 |   2 |  587.0 |
               +--------+--------+--------+--------+--------+-----+--------+

Top non-repeatable levels by time:
     D:1: 840 daAuts
     D:2: 334 daAuts
